 Dungeon Crawl Stone Soup version 0.20-a0-842-g939b552 (webtiles) character file.

172 M4edhros the Slasher (level 5, 0/41 HPs)
             Began as a Mummy Chaos Knight on Mar 9, 2017.
             Slain by an orc
             ... wielding a +0 club
              (5 damage)
             ... on level 3 of the Dungeon.
             The game lasted 00:01:36 (1776 turns).

M4edhros the Slasher (Mummy Chaos Knight)           Turns: 1776, Time: 00:01:36

Health: 0/41       AC:  5    Str: 15    XL:     5   Next: 27%
Magic:  5/5        EV: 11    Int: 11    God:    Xom [.*....]
Gold:   78         SH:  0    Dex: 13    Spells: 4/4 levels left

rFire    x . .     SeeInvis .   l - +0 long sword
rCold    + . .     Gourm    .   b - +2 leather armour
rNeg     + + +     Faith    .   (no shield)
rPois    ∞         Spirit   .   (no helmet)
rElec    .         Reflect  .   (no cloak)
rCorr    .         Harm     .   (no gloves)
MR       +....                  (no boots)
Stlth    +.........             (no amulet)
Regen    0.2/turn               (no ring)
MPRegen  0.1/turn               e - ring of protection from magic

@: no status effects
A: no food or potions, fire vulnerability, cold resistance 1, negative energy
resistance 3, torment resistance, unbreathing
a: Renounce Religion


You were on level 3 of the Dungeon.
You worshipped Xom.
You were a plaything of Xom.
You were not hungry.

You visited 1 branch of the dungeon, and saw 4 of its levels.

You collected 78 gold pieces.

Inventory:

Hand Weapons
 a - a +0 falchion of chaos
 l - a +0 long sword (weapon)
Missiles
 j - 23 sling bullets
Armour
 b - a +2 leather armour (worn)
Jewellery
 e - a ring of protection from magic (left hand)
Wands
 f - a wand of polymorph (13/24)
Scrolls
 c - 2 scrolls of immolation {unknown}
 d - a scroll of identify
 g - a scroll of teleportation {unknown}
 h - a scroll of enchant weapon {unknown}
 i - a scroll of fog {unknown}
 k - a scroll of magic mapping {unknown}


   Skills:
 - Level 3.0 Fighting
 + Level 5.0 Long Blades
 - Level 1.5 Armour
 - Level 0.7 Dodging


You had 4 spell levels left.
You didn't know any spells.

Dungeon Overview and Level Annotations

Branches:
Dungeon (4/15)
 Temple: D:4-7

Altars:
Makhleb
Qazlal
Sif Muna
Yredelemnul
Zin
The Shining One


Innate Abilities, Weirdness & Mutations

You do not eat or drink.
Your flesh is vulnerable to fire.
You are immune to poison.
Your flesh is cold resistant. (rC+)
You are immune to negative energy. (rN+++)
You are immune to unholy pain and torment.
You can survive without breathing.


Message History

You hit the orc priest.
You kill the orc priest!
Your Long Blades skill increases to level 5!
The orc hits you with a club.
* * * LOW HITPOINT WARNING * * *
Unknown command.
You hit the orc.
The orc is heavily wounded.
The orc hits you but does no damage.
Unknown command.
You hit the orc.
The orc is severely wounded.
The orc hits you with a club.
* * * LOW HITPOINT WARNING * * *
Unknown command.
You closely miss the orc.
The orc is severely wounded.
The orc hits you with a club.
You die... "Boring in life, boring in death..."

...#
#..#
#..#
...
..#
#.#
#o#
#@#
#)..#
###.#
.# #


You could see an orc.

Vanquished Creatures
  A scorpion (D:4)
  An orc priest (D:3)
  Jessica (D:2)
  A gnoll (D:1)
  2 adders (D:3)
  A worm (D:4)
  A dart slug (D:3)
  2 leopard geckos
  2 giant cockroaches
  6 goblins
  6 hobgoblins
  A ball python (D:4)
  3 bats
  A frilled lizard (D:1)
  2 kobolds (D:3)
  3 rats
34 creatures vanquished.

Notes
Turn   | Place    | Note
-------+----------+-------------------------------------------
     0 | D:1      | M4edhros the Mummy Chaos Knight began the quest for the Orb.
     0 | D:1      | Reached XP level 1. HP: 18/18 MP: 1/1
    27 | D:1      | XOM: potion effect (brilliance)
    31 | D:1      | Reached skill level 3 in Long Blades
    31 | D:1      | Reached XP level 2. HP: 14/24 MP: 2/2
   384 | D:2      | Noticed Jessica
   394 | D:2      | Killed Jessica
   394 | D:2      | Reached XP level 3. HP: 20/29 MP: 3/3
   579 | D:3      | Found a glowing silver altar of Zin.
   700 | D:3      | Reached skill level 4 in Long Blades
   717 | D:3      | Found a glowing golden altar of the Shining One.
   786 | D:3      | Found a basalt altar of Yredelemnul.
   786 | D:3      | Found a stormy altar of Qazlal.
   787 | D:3      | Found a deep blue altar of Sif Muna.
   797 | D:3      | Reached XP level 4. HP: 26/35 MP: 4/4
   865 | D:3      | Found a burning altar of Makhleb.
  1014 | D:4      | XOM: potion effect (invisibility)
  1385 | D:4      | Reached XP level 5. HP: 41/41 MP: 5/5
  1575 | D:3      | XOM: harmless Summ miscast
  1637 | D:3      | XOM: god gift: long sword {god gift}
  1773 | D:3      | Reached skill level 5 in Long Blades
  1776 | D:3      | Slain by an orc

Vault maps used:
D:1:      dpeg_arrival_court
D:2:      uniq_jessica, uniq_iyjb, uniq_natasha
D:3:      nicolae_overflow_crystal_walls, old_standard_altar,
          gammafunk_temple_overflow_claw, tso_metal_star, first_bread
D:4:      minmay_temple_entry_glass, kennysheep_windowed_goal, uniq_duvessa

Skill      XL: |  1  2  3  4  5 |
---------------+----------------+-----
Long Blades    | 3 4 5 |  5.0
Fighting       | |  3.0
Armour         | |  1.5
Dodging        | |  0.7

Action                   |  1- 3 |  4- 6 || total
-------------------------+-------+-------++-------
Melee: Falchion          |    61 |    49 ||   110
       Long sword        |       |    15 ||    15
  Use: Scroll            |     3 |       ||     3
 Stab: Confused          |     1 |       ||     1
       Invisible         |       |     2 ||     2
Armor: Leather armour    |    17 |    24 ||    41
Dodge: Dodged            |    36 |    43 ||    79
       Rpst.: Falchion   |    18 |    13 ||    31
       Long sword        |       |     2 ||     2
